Cogmind - Beta 13 @@@ ROGUE MODE // 2024.05.11 @ 17:53:04 Player: Toa of Guts Result: Self-destructed Performance ------------- Evolutions (6) 3000 Regions Visited (15) 3000 Robots Destroyed (188) 940 Value Destroyed (8100) 8100 Prototype IDs (27) 540 Alien Tech Used (0) 0 Bonus (6888) 6888 TOTAL SCORE: 22468 Bonus ------- High Alert Combat Kills 637 Follower Combat Kills 2061 Network Hubs Disabled 200 Met Warlord at Base 500 MAIN.C Attacked Warlord 500 Warlord Defense Kills 2232 Built Enhanced Grunts 300 A7 Reached Mainframe 300 Met R17 at Cetus 500 Friendly Fire -342 Cogmind --------- Core Integrity 1062/1150 Matter 550/550 Energy 83/100 System Corruption 2% Temperature Cool (0) Movement Core (500) Ox9 Location -4/Factory Parts ------- > --- POWER (2) -------- (None) > --- PROPULSION (5) --- (None) > --- UTILITY (9) ------ Matter Compressor Advanced Signal Interpreter Advanced Targeting Computer Melee Analysis Suite Improved Focal Shield EM Disruption Field Improved Force Field > --- WEAPON (3) ------- Phase Gun Power Maul > --- INVENTORY (5) ---- Improved System Restoration Module Micro-nuke Launcher Vortex Catalyst Activator (4) Peak State ------------ > --- POWER ------------ Antimatter Reactor Antimatter Reactor > --- PROPULSION ------- Flexi-carbon Leg Flexi-carbon Leg Flexi-carbon Leg Flexi-carbon Leg Myomer Leg > --- UTILITY ---------- Advanced Cooling System Matter Compressor Structural Scanner Advanced Signal Interpreter Advanced Targeting Computer Melee Analysis Suite Improved Focal Shield EM Disruption Field Improved Force Field > --- WEAPON ----------- Variable Charge Gun Phase Gun Dispersion Rifle > --- INVENTORY -------- Centrium Wheel Vortex Rifle Vortex Catalyst Activator Power Maul [Rating: 105] Favorites ----------- Power Improved Deuterium Engine Engine Improved Deuterium Engine Power Core Neutrino Core Reactor Antimatter Reactor Propulsion Flexi-carbon Leg Treads Improved Heavy Treads Leg Flexi-carbon Leg Wheel Centrium Wheel Hover Unit Backup Propulsion III Utility Advanced Targeting Computer Device Structural Scanner Storage Large Storage Unit Processor Advanced Targeting Computer Hackware Hacking Suite Protection Centrium Medium Armor Plating Weapon Gauss Rifle Energy Gun Variable Charge Gun Energy Cannon Proton Cannon Ballistic Gun Gauss Rifle Ballistic Cannon Heavy Flak Cannon Launcher Heavy Missile Launcher Impact Weapon Power Maul Slashing Weapon Katana Build | -11 -10 -9 -8 -7 -6 -6 -6 -6 -6 -5 -5 -5 -5 -4 -4 ------- Run | Yrd Mat Mat Mat Fac Fac Ext Cet Arc Hub Fac Upp Upp War Pro Fac Slots Evolved 12 | . . 2 2 2 2 . . . . 2 . . . . 2 Power 1 | . . . . . . . . . . 1 . . . . . Propulsion 3 | . . 1 . 1 . . . . . 1 . . . . . Utility 7 | . . 1 1 1 2 . . . . . . . . . 2 Weapon 1 | . . . 1 . . . . . . . . . . . . Parts Attached 248 | 6 2 12 26 9 18 24 9 2 9 54 8 25 21 6 17 Power 26 | 1 . 2 4 2 . 2 1 . . 6 1 2 3 . 2 Engine 13 | 1 . 2 3 2 . 2 1 . . . . 1 1 . . Core 10 | . . . 1 . . . . . . 5 1 1 2 . . Reactor 3 | . . . . . . . . . . 1 . . . . 2 Propulsion 56 | 2 . 5 6 5 4 5 1 . 4 13 . 2 7 . 2 Treads 2 | . . 1 . . . . . . . . . . . . 1 Leg 51 | 2 . 4 6 5 4 5 1 . 4 13 . . 7 . . Wheel 3 | . . . . . . . . . . . . 2 . . 1 Hover . | . . . . . . . . . . . . . . . . Flight . | . . . . . . . . . . . . . . . . Utility 64 | 1 1 3 5 1 5 7 4 1 . 14 2 9 7 1 3 Device 26 | . 1 1 1 . 1 3 . 1 . 7 1 2 5 . 3 Storage 5 | 1 . 1 1 . . . . . . . . 1 . 1 . Processor 6 | . . 1 . . 1 . . . . 1 . 2 1 . . Hackware 4 | . . . . . 1 . 1 . . 2 . . . . . Protection 23 | . . . 3 1 2 4 3 . . 4 1 4 1 . . Artifact . | . . . . . . . . . . . . . . . . Weapon 102 | 2 1 2 11 1 9 10 3 1 5 21 5 12 4 5 10 Energy Gun 20 | . 1 2 . . . . . 1 2 1 1 . 1 3 8 Energy Cannon 1 | . . . . . . 1 . . . . . . . . . Ballistic Gun 37 | 2 . . 10 1 5 4 2 . . 5 2 4 2 . . Ballistic Cannon 10 | . . . . . . 1 1 . 1 5 . 2 . . . Launcher 16 | . . . . . 1 3 . . 1 4 2 2 1 1 1 Special Weapon . | . . . . . . . . . . . . . . . . Impact Weapon 6 | . . . 1 . . . . . . 1 . 2 . 1 1 Slashing Weapon 12 | . . . . . 3 1 . . 1 5 . 2 . . . Piercing Weapon . | . . . . . . . . . . . . . . . . Special Melee Weapon . | . . . . . . . . . . . . . . . . Unidentified Prototypes 5 | . . . . . . . 1 . 1 1 . . 2 . . Parts Lost 76 | . . 2 2 . . 10 4 . 4 12 5 22 . 2 13 Power 11 | . . 1 1 . . 1 1 . . 1 2 1 . 1 2 Propulsion 28 | . . . 1 . . 1 1 . 3 8 . 7 . . 7 Utility 18 | . . 1 . . . 4 1 . . 1 . 8 . 1 2 Weapon 19 | . . . . . . 4 1 . 1 2 3 6 . . 2 Highest Loss Streak 15 | . . 2 1 . . 4 6 . 2 4 3 15 . 1 9 To Critical Strikes 3 | . . . . . . . 2 . . . . . . . 1 Average Slot Usage (%) 91 | . 98 93 98 98 99 93 98 100 99 98 96 64 70 86 90 Engine 4 | . 14 10 6 7 6 5 6 6 6 . . 2 7 5 . Core 2 | . . . 2 . . . . . . 7 9 3 1 2 . Reactor 1 | . . . . . . . . . . 2 . . . . 8 Leg 23 | . 28 28 26 30 26 26 26 26 25 27 29 15 6 29 14 Device 11 | . 12 17 18 15 13 11 6 6 6 7 . . 13 11 24 Storage 5 | . 14 11 9 7 6 6 6 6 6 5 5 3 . 2 5 Processor 8 | . . 2 . . 6 6 6 6 6 9 11 8 16 17 15 Hackware 4 | . . . . . 5 6 6 6 6 9 17 9 . . . Protection 6 | . . . 9 13 13 9 18 20 20 5 4 4 . 1 . Energy Gun 4 | . 5 17 3 . . . . 4 9 3 1 . 3 5 11 Ballistic Gun 9 | . 22 4 22 23 15 13 6 2 . 8 9 8 2 . . Ballistic Cannon 1 | . . . . . . . 5 6 4 2 . 1 . . . Impact Weapon 1 | . . . . . . . . . . . . . 5 4 3 Naked Turns 14 | . . . . . . . . . . . . 14 . . . Heaviest Build 92 | 10 11 29 45 56 58 61 66 67 67 82 69 92 55 45 71 Greatest Support 108 | 20 20 39 41 56 73 75 75 75 88 108 80 65 105 105 105 Greatest Overweight (x) 30 | 2 . . 1 1 . . . . . . . 30 2 . 4 Average Overweight (x) . | . . . . . . . . . . . . . . . . Largest Inventory Capacity 15 | 8 8 15 15 15 15 15 15 15 15 15 15 15 5 5 5 Average Capacity 11 | 7 8 8 15 15 15 15 15 15 15 15 15 11 5 5 5 Most Carried 15 | 6 8 8 15 15 15 15 15 15 15 15 15 15 5 5 5 Average Carried 11 | 4 6 7 13 14 14 14 14 14 14 14 12 10 4 3 4 Final Capacity 15 | 8 8 15 15 15 15 15 15 15 15 15 15 5 5 5 5 Final Carried 15 | 6 8 8 15 15 15 15 14 15 13 11 15 5 3 4 4 Class Distribution -------------------- 27% | Scavenger-Tank 22% | Mutant 22% | Scavenger-Mutant 8% | Hacker-Gunner 8% | Scavenger-Gunner 3% | Commander-Tank Dominant Class ---------------- Mutant | -10/Materials Mutant | -9/Materials Scavenger-Tank | -8/Materials Scavenger-Tank | -7/Factory Scavenger-Mutant | -6/Factory Tank | -6/Extension Scavenger-Tank | -6/Cetus Scavenger-Tank | -6/Archives Scavenger-Tank | -6/Hub_04(d) Scavenger-Gunner | -5/Factory Hacker-Gunner | -5/Upper Caves Hacker-Gunner | -5/Upper Caves Mutant | -5/Warlord Scavenger-Mutant | -4/Proximity Caves Mutant | -4/Factory Resources | -11 -10 -9 -8 -7 -6 -6 -6 -6 -6 -5 -5 -5 -5 -4 -4 ----------- Run | Yrd Mat Mat Mat Fac Fac Ext Cet Arc Hub Fac Upp Upp War Pro Fac Matter Collected 5622 | 230 40 132 746 140 347 755 124 30 154 1326 301 634 223 96 344 Remotely 203 | . . . . . . . . . . . . 203 . . . Salvage Created 6879 | . 40 267 1010 140 210 870 36 . 422 1728 322 462 509 62 801 Parts 338 | . 2 10 65 8 18 50 2 . 24 74 14 12 25 2 32 Haulers Intercepted 3 | . . . 2 . . . . . . 1 . . . . . Recyclers Shooed . | . . . . . . . . . . . . . . . . Parts Field Recycled . | . . . . . . . . . . . . . . . . Retrieved Matter . | . . . . . . . . . . . . . . . . Parts Self-Destructed 23 | . . . . . . . . . . . 10 11 . 2 . Prevented . | . . . . . . . . . . . . . . . . Kills | -11 -10 -9 -8 -7 -6 -6 -6 -6 -6 -5 -5 -5 -5 -4 -4 ------- Run | Yrd Mat Mat Mat Fac Fac Ext Cet Arc Hub Fac Upp Upp War Pro Fac Combat Hostiles Destroyed 154 | . 1 5 21 3 6 17 . . 8 32 9 10 19 2 21 Melee 1 | . . . . . . . . . . . . . . . 1 Guns 90 | . 1 5 21 3 2 9 . . 5 16 6 3 . 1 18 Cannons 12 | . . . . . . 1 . . 2 6 . 3 . . . AOE 48 | . . . . . 4 7 . . 1 9 3 4 19 1 . Classes Destroyed 19 | . 1 1 7 . 2 3 . . . 2 . 1 2 . . Worker 6 | . . . 1 . 2 1 . . 1 . . . . . 1 Builder 5 | . . . . . 1 2 . . 1 1 . . . . . Tunneler 3 | . . . . . . 2 . . 1 . . . . . . Hauler 3 | . . . 2 . . . . . . 1 . . . . . Recycler 2 | . . 1 1 . . . . . . . . . . . . Mechanic 4 | . . . . . . . . . . 3 . . 1 . . Operator 3 | . . . . . . 1 . . . 2 . . . . . Watcher 7 | . . . 1 . . 1 1 . 2 2 . . . . . Swarmer 38 | . . . 6 . 4 4 . . 2 . 5 1 2 . 14 Grunt 58 | . 1 5 8 . . 9 . . 4 18 3 2 5 . 3 Brawler 6 | . . . . . . . . . . . . 3 3 . . Duelist 3 | . . . 1 . . . . . . . . 1 1 . . Protector 4 | . . . . . . . . . . 1 . . 3 . . Sentry 15 | . . . 4 1 1 2 . . 1 3 1 2 . . . Demolisher 2 | . . . . . . . . . . . . . 2 . . Hunter 13 | . . . 2 2 . . . . 1 1 . 1 2 2 2 Programmer 13 | . . . . . 1 1 . . . 9 . . . . 2 Behemoth 1 | . . . . . . 1 . . . . . . . . . Striker 1 | . . . . . . . . . . . . . 1 . . Thug 1 | . . . . . . 1 . . . . . . . . . Best Kill Streak 20 | . 1 3 4 2 6 7 1 . 4 7 3 4 20 2 6 Combat Bots Only 19 | . 1 2 4 2 4 6 . . 3 6 3 4 19 2 5 Max Kills in Single Turn 12 | . 1 1 1 1 4 2 1 . 2 4 1 2 12 1 3 Gunslinging 1 | . . . . . . . . . . . . . . . 1 Exploded 11 | . . . . . 4 2 . . 1 4 1 2 11 1 . Melee 1 | . . . . . . . . . . . . . . . 1 Uniques/NPCs Destroyed . | . . . . . . . . . . . . . . . . Combat | -11 -10 -9 -8 -7 -6 -6 -6 -6 -6 -5 -5 -5 -5 -4 -4 -------- Run | Yrd Mat Mat Mat Fac Fac Ext Cet Arc Hub Fac Upp Upp War Pro Fac Hostile Shots Fired 1314 | . 14 36 148 50 35 196 13 3 140 204 50 131 12 54 228 Missed 386 | . 2 4 48 13 14 65 3 . 40 58 12 33 3 25 66 Damage Taken 15928 | . 137 386 1317 452 236 2148 313 86 1468 3404 708 2554 449 400 1870 Core 1767 | . 24 74 158 5 29 218 . 20 153 277 77 466 157 21 88 Absorbed by Shields 871 | . . . . . . 202 69 . . . . . . . 600 Redirected to Shielding 41 | . . . . . . . . 4 37 . . . . . . Ignored by Resistances 350 | . . . . . . . . . . . . . . . 350 Regen/Repaired (Parts) 8 | . . . . . . . . . . . . . 8 . . Core Remaining (%) 70 | 100 90 81 71 99 . . . . 50 . . . . . . Volleys Fired 419 | . 11 22 86 8 5 56 13 . 41 74 19 34 5 2 43 Largest 3 | . 2 2 3 3 3 3 2 . 3 3 3 3 1 1 3 Hottest 306 | . 60 80 100 79 84 123 81 . 237 306 143 155 20 40 238 Shots Fired 957 | . 22 44 247 24 13 121 15 . 78 190 36 69 5 2 91 Gun 835 | . 22 44 247 24 12 97 2 . 60 155 30 50 . 1 91 Cannon 87 | . . . . . . 11 13 . 16 31 . 16 . . . Launcher 35 | . . . . . 1 13 . . 2 4 6 3 5 1 . Special . | . . . . . . . . . . . . . . . . Kinetic 619 | . 21 11 215 24 12 99 4 . 10 137 21 65 . . . Thermal 270 | . 1 33 32 . . . . . 60 49 9 1 . . 85 Explosive 29 | . . . . . 1 13 . . 2 4 6 3 . . . Electromagnetic 26 | . . . . . . 9 11 . 6 . . . . . . Entropic 13 | . . . . . . . . . . . . . 5 2 6 Robot Hit Streak 23 | . 5 6 23 12 11 16 7 . 11 16 9 13 6 3 21 Robot Miss Streak 5 | . 3 3 5 3 4 5 2 . 3 4 2 5 1 . 3 Penetration Max 1 | . . . 1 . . 1 . . . 1 . 1 . . . Secondary Targets 7 | . . . 1 . . 2 . . . . 2 . . . 2 Max Gunslinging Chain 1 | . . . 1 . . 1 . . . . 1 . . . 1 Shots Hit Robots 682 | . 15 26 155 21 14 90 12 . 55 146 23 54 3 2 66 Core Hits 481 | . 4 14 68 17 14 72 12 . 30 128 19 40 28 4 31 Critical Kills 11 | . . 1 . . . . . . . 5 2 3 . . . Critical Parts Destroyed 21 | . . . 2 1 1 1 . . . 8 3 5 . . . Critical Strikes 43 | . . 1 2 1 1 1 . . 4 15 8 10 . . . Burn 7 | . . . . . . . . . 2 2 3 . . . . Destroy 33 | . . 1 2 1 1 1 . . . 12 5 10 . . . Smash 1 | . . . . . . . . . . 1 . . . . . Sever 2 | . . . . . . . . . 2 . . . . . . Melee Attacks 50 | . . . 1 . 7 2 . . 5 16 . . 6 1 12 Impact 30 | . . . 1 . . . . . . 10 . . 6 1 12 Slashing 20 | . . . . . 7 2 . . 5 6 . . . . . Piercing . | . . . . . . . . . . . . . . . . Sneak Attacks 7 | . . . . . 3 2 . . 1 1 . . . . . Combat Hostiles . | . . . . . . . . . . . . . . . . Follow-up Attacks . | . . . . . . . . . . . . . . . . Damage Inflicted 24707 | . 124 263 1989 330 671 3951 408 . 1929 5705 897 1402 4712 402 1924 Guns 11223 | . 124 263 1989 330 251 1509 43 . 973 2977 330 737 . 42 1655 Cannons 1660 | . . . . . . 247 365 . 314 494 . 240 . . . Explosions 10829 | . . . . . 220 2050 . . 520 1975 567 425 4712 360 . Melee 995 | . . . . . 200 145 . . 122 259 . . . . 269 Ramming . | . . . . . . . . . . . . . . . . Kinetic 8216 | . 113 54 1775 330 251 1534 116 . 253 2619 217 954 . . . Thermal 4033 | . 11 209 214 . . 64 . . 973 1062 113 23 . . 1364 Explosive 5470 | . . . . . 220 1986 . . 507 1765 567 425 . . . Electromagnetic 588 | . . . . . . 222 292 . 74 . . . . . . Impact 426 | . . . . . . . . . . 157 . . . . 269 Slashing 569 | . . . . . 200 145 . . 122 102 . . . . . Piercing . | . . . . . . . . . . . . . . . . Entropic 5405 | . . . . . . . . . . . . . 4712 402 291 Highest Corruption 46 | . . . . . 3 4 2 2 4 10 10 46 46 . 2 Average Corruption 8 | . . . . . 2 3 2 2 2 6 10 24 46 . 1 Corruption Purged 2 | . . . . . . 2 . . . . . . . . . Corruption Blocked 4 | . . . . . . . . . . . . . 4 . . Effects 143 | . . . . . 4 18 5 1 6 47 17 42 1 . 2 Message Errors 34 | . . . . . 1 7 1 . 2 10 4 8 . . 1 Matter Fused 35 | . . . . . 2 3 2 . 1 9 5 13 . . . Heat Flow Errors 22 | . . . . . 1 4 . . 1 7 2 6 1 . . Energy Discharges 9 | . . . . . . . . . . 6 2 1 . . . Parts Rejected 1 | . . . . . . . . . . . . 1 . . . Parts Fused 1 | . . . . . . 1 . . . . . . . . . Data Loss (minor) 18 | . . . . . . 1 1 1 2 7 3 2 . . 1 Data Loss (major) 6 | . . . . . . 1 1 . . 1 . 3 . . . Misfires 4 | . . . . . . . . . . 4 . . . . . Alerts 2 | . . . . . . 1 . . . . . 1 . . . Misdirections 4 | . . . . . . . . . . . . 4 . . . Weapon Failures 7 | . . . . . . . . . . 3 1 3 . . . Overload Shots 1 | . . . . . . . . . . 1 . . . . . Overflow Damage 536 | . . . . . 35 139 . . 13 188 75 7 57 . 22 Projectiles . | . . . . . . . . . . . . . . . . Explosions 341 | . . . . . 7 82 . . 13 100 75 7 57 . . Melee 195 | . . . . . 28 57 . . . 88 . . . . 22 Knockbacks 24 | . . . . . . 1 . . 2 17 . . . . 4 Impact 4 | . . . . . . . . . . . . . . . 4 Kinetic 18 | . . . . . . 1 . . 2 15 . . . . . Secondary 2 | . . . . . . . . . . 2 . . . . . Self-Inflicted Damage 502 | . . . . . . 27 . . 101 238 63 73 . . . Shots 10 | . . . . . . 2 . . 1 3 1 3 . . . Rammed . | . . . . . . . . . . . . . . . . Targets Rammed . | . . . . . . . . . . . . . . . . Kicked . | . . . . . . . . . . . . . . . . Crushed . | . . . . . . . . . . . . . . . . Highest Temperature 604 | . 20 97 24 4 254 461 . . 604 304 383 450 218 . 371 Average Temperature 112 | . 9 62 5 4 126 172 . . 157 102 142 101 101 . 126 Received Heat Transfer 3445 | . 72 255 243 30 24 944 9 9 360 579 90 534 21 . 275 Effects 24 | . . . . . . . . . 9 3 3 8 . . 1 Shutdowns 4 | . . . . . . . . . 1 . 2 1 . . . Interference 12 | . . . . . . . . . 6 3 . 3 . . . Matter Decay 1 | . . . . . . . . . 1 . . . . . . Short Circuit 1 | . . . . . . . . . . . 1 . . . . Damage (minor) 1 | . . . . . . . . . . . . . . . 1 Damage (major) 4 | . . . . . . . . . . . . 4 . . . Damage (core) 1 | . . . . . . . . . 1 . . . . . . Siege Activations . | . . . . . . . . . . . . . . . . Robots Corrupted . | . . . . . . . . . . . . . . . . Combat Hostiles . | . . . . . . . . . . . . . . . . Parts Fried 3 | . . . . . . . 1 . . 2 . . . . . Impact Corruptions 5 | . . . . . . . . . . 2 . . . . 3 Robots Melted . | . . . . . . . . . . . . . . . . Combat Hostiles . | . . . . . . . . . . . . . . . . Parts Melted 12 | . . 1 1 . . . . . . 5 1 . . . 4 Heat Transferred 6943 | . 25 475 500 . . 50 . . 1665 1482 550 50 . . 2146 Parts Sabotaged . | . . . . . . . . . . . . . . . . Parts Stolen . | . . . . . . . . . . . . . . . . Parts Stripped . | . . . . . . . . . . . . . . . . Power Chain Reactions 1 | . . . . . . 1 . . . . . . . . . Alert | -11 -10 -9 -8 -7 -6 -6 -6 -6 -6 -5 -5 -5 -5 -4 -4 ------- Run | Yrd Mat Mat Mat Fac Fac Ext Cet Arc Hub Fac Upp Upp War Pro Fac Peak Influence 775 | . 112 154 307 129 183 775 756 413 720 758 . . . . 306 Initial 394 | . . . . 20 63 89 394 222 144 305 . . . . . Average 264 | . 55 53 147 74 79 228 540 376 458 518 . . . . 113 Maximum Alert Level 3 | . . . 1 . . 3 3 2 3 3 . . . . 1 Low Security (%) 52 | 100 100 100 70 100 100 45 . . 18 . . . . . 94 Level 1 18 | . . . 29 . . 45 7 27 13 22 . . . . 5 Level 2 26 | . . . . . . 7 68 72 62 73 . . . . . Level 3 2 | . . . . . . 1 23 . 5 4 . . . . . Level 4 . | . . . . . . . . . . . . . . . . Level 5 . | . . . . . . . . . . . . . . . . High Security . | . . . . . . . . . . . . . . . . Max Security . | . . . . . . . . . . . . . . . . Squads Dispatched 29 | . 1 1 3 1 2 6 1 . 3 7 . 1 . . 3 Investigation 4 | . 1 . 1 1 . . 1 . . . . . . . . Extermination 8 | . . . . . 1 . . . 1 4 . . . . 2 Reinforcement 13 | . . 1 2 . 1 5 . . 2 1 . . . . 1 Assault 4 | . . . . . . 1 . . . 2 . 1 . . . Garrison . | . . . . . . . . . . . . . . . . Intercept . | . . . . . . . . . . . . . . . . Searches Triggered . | . . . . . . . . . . . . . . . . Construction Impeded 3 | . . . . . . 3 . . . . . . . . . Haulers Reinforced 3 | . . . . . . . . . 2 1 . . . . . Active Scanning Responses . | . . . . . . . . . . . . . . . . Cargo Convoy Interrupts . | . . . . . . . . . . . . . . . . Stealth | -11 -10 -9 -8 -7 -6 -6 -6 -6 -6 -5 -5 -5 -5 -4 -4 --------- Run | Yrd Mat Mat Mat Fac Fac Ext Cet Arc Hub Fac Upp Upp War Pro Fac Distress Signals 13 | . . . 2 . . 3 2 . 2 . . . 1 . 3 Communications Jammed . | . . . . . . . . . . . . . . . . Distress Signals . | . . . . . . . . . . . . . . . . Times Spotted 310 | . 7 5 38 3 7 47 13 3 26 44 15 23 39 2 38 Peak Tracking Total 22 | . 4 2 4 2 4 7 5 2 8 6 5 6 22 2 10 Tactical Retreats 28 | . . . 2 . . 2 1 . 6 2 5 6 2 . 2 Traps | -11 -10 -9 -8 -7 -6 -6 -6 -6 -6 -5 -5 -5 -5 -4 -4 ------- Run | Yrd Mat Mat Mat Fac Fac Ext Cet Arc Hub Fac Upp Upp War Pro Fac Traps Triggered 7 | . . . 1 . 1 1 . . . 2 . . 2 . . Indirectly . | . . . . . . . . . . . . . . . . Trap Hack Attempts . | . . . . . . . . . . . . . . . . Triggered . | . . . . . . . . . . . . . . . . Disarmed . | . . . . . . . . . . . . . . . . Reprogrammed . | . . . . . . . . . . . . . . . . Reused . | . . . . . . . . . . . . . . . . Traps Extracted . | . . . . . . . . . . . . . . . . Installed . | . . . . . . . . . . . . . . . . Triggered 16 | . . . . . . . . . . . . . 16 . . Machines | -11 -10 -9 -8 -7 -6 -6 -6 -6 -6 -5 -5 -5 -5 -4 -4 ---------- Run | Yrd Mat Mat Mat Fac Fac Ext Cet Arc Hub Fac Upp Upp War Pro Fac Machines Disabled 17 | . . . 1 . . 2 . . 4 10 . . . . . Max in Single Turn 4 | . . . 1 . . 1 . . 1 4 . . . . . Garrison Access 1 | . . . . . 1 . . . . . . . . . . Network Hub 1 | . . . . . . . . . 1 . . . . . . Machines Repaired . | . . . . . . . . . . . . . . . . Machines Dismantled . | . . . . . . . . . . . . . . . . Machines Sabotaged . | . . . . . . . . . . . . . . . . Overloaded Fab Kills . | . . . . . . . . . . . . . . . . Hacking | -11 -10 -9 -8 -7 -6 -6 -6 -6 -6 -5 -5 -5 -5 -4 -4 --------- Run | Yrd Mat Mat Mat Fac Fac Ext Cet Arc Hub Fac Upp Upp War Pro Fac Machines Accessed 58 | . 3 2 7 1 4 8 3 1 6 10 . . 8 . 5 Terminals 47 | . 3 2 6 1 3 8 3 . 6 10 . . . . 5 Fabricators . | . . . . . . . . . . . . . . . . Repair Stations . | . . . . . . . . . . . . . . . . Recycling Units . | . . . . . . . . . . . . . . . . Scanalyzers . | . . . . . . . . . . . . . . . . Garrison Access 2 | . . . 1 . 1 . . . . . . . . . . Total Hacks 193 | . 10 5 18 3 7 13 11 11 15 52 . . 20 . 28 Successful 88 | . 5 3 6 1 2 7 2 11 5 13 . . 20 . 13 Failed 105 | . 5 2 12 2 5 6 9 . 10 39 . . . . 15 Catastrophic 18 | . 1 . 2 . 2 1 4 . 2 3 . . . . 3 Database Lockouts . | . . . . . . . . . . . . . . . . Manual 59 | . 2 1 10 1 6 3 2 . 6 18 . . . . 10 Terminals 159 | . 10 5 16 3 6 13 11 . 15 52 . . . . 28 Fabricators . | . . . . . . . . . . . . . . . . Repair Stations . | . . . . . . . . . . . . . . . . Recycling Units . | . . . . . . . . . . . . . . . . Scanalyzers . | . . . . . . . . . . . . . . . . Garrison Access 3 | . . . 2 . 1 . . . . . . . . . . Terminal Hacks 78 | . 5 3 4 . . 7 2 11 4 11 . . 20 . 11 Record 20 | . . . . . . . 1 11 . . . . 8 . . Prototype ID Bank 13 | . . . . . . . . . . 2 . . 10 . 1 Open Door 8 | . . . . . . 5 1 . . . . . 2 . . Level Access Points 1 | . . . . . . . . . . 1 . . . . . Branch Access Points 4 | . . 1 . . . . . . . 1 . . . . 2 Terminal Index 4 | . 1 . . . . . . . 1 1 . . . . 1 Alert Level 3 | . . . 1 . . 1 . . . . . . . . 1 Unreport Threat 6 | . . . 1 . . 1 . . 1 2 . . . . 1 Locate Traps 3 | . . . 1 . . . . . . 1 . . . . 1 Recall Extermination 1 | . . . . . . . . . . . . . . . 1 Hauler Manifests 1 | . 1 . . . . . . . . . . . . . . Registered Components 6 | . 1 1 1 . . . . . 1 1 . . . . 1 Registered Prototypes 1 | . . . . . . . . . . 1 . . . . . Zone Layout 7 | . 2 1 . . . . . . 1 1 . . . . 2 Fabricator Hacks . | . . . . . . . . . . . . . . . . Repair Station Hacks . | . . . . . . . . . . . . . . . . Recycling Unit Hacks . | . . . . . . . . . . . . . . . . Scanalyzer . | . . . . . . . . . . . . . . . . Garrison Access Hacks 1 | . . . . . 1 . . . . . . . . . . Seal Access 1 | . . . . . 1 . . . . . . . . . . Unauthorized Hacks 9 | . . . 2 1 1 . . . 1 2 . . . . 2 Terminals 9 | . . . 2 1 1 . . . 1 2 . . . . 2 Botnet 9 | . . . 2 1 1 . . . 1 2 . . . . 2 Fabricators . | . . . . . . . . . . . . . . . . Repair Stations . | . . . . . . . . . . . . . . . . Recycling Units . | . . . . . . . . . . . . . . . . Scanalyzers . | . . . . . . . . . . . . . . . . Garrison Access . | . . . . . . . . . . . . . . . . Data Cores Recovered 3 | . . . . . . . . . 1 2 . . . . . Used 2 | . . . . . . . . . . 2 . . . . . Hacking Detections 44 | . 3 2 7 1 3 4 3 . 6 10 . . . . 5 Full Trace Events 3 | . 1 . . 1 . . 1 . . . . . . . . Feedback Events . | . . . . . . . . . . . . . . . . Feedback Blocked . | . . . . . . . . . . . . . . . . Robot Schematics Acquired . | . . . . . . . . . . . . . . . . Robots Built . | . . . . . . . . . . . . . . . . Authchips . | . . . . . . . . . . . . . . . . Time . | . . . . . . . . . . . . . . . . Total Robot Build Rating . | . . . . . . . . . . . . . . . . Part Schematics Acquired . | . . . . . . . . . . . . . . . . Parts Built . | . . . . . . . . . . . . . . . . Authchips . | . . . . . . . . . . . . . . . . Time . | . . . . . . . . . . . . . . . . Total Part Build Rating . | . . . . . . . . . . . . . . . . Parts Repaired . | . . . . . . . . . . . . . . . . Time . | . . . . . . . . . . . . . . . . Parts Recycled . | . . . . . . . . . . . . . . . . Recycled Matter . | . . . . . . . . . . . . . . . . Retrieved Matter . | . . . . . . . . . . . . . . . . Retrieved Components . | . . . . . . . . . . . . . . . . Parts Scanalyzed . | . . . . . . . . . . . . . . . . Part Schematics Acquired . | . . . . . . . . . . . . . . . . Parts Damaged . | . . . . . . . . . . . . . . . . Bothacking | -11 -10 -9 -8 -7 -6 -6 -6 -6 -6 -5 -5 -5 -5 -4 -4 ------------ Run | Yrd Mat Mat Mat Fac Fac Ext Cet Arc Hub Fac Upp Upp War Pro Fac Used RIF Installer . | . . . . . . . . . . . . . . . . Robots Hacked . | . . . . . . . . . . . . . . . . Non-combat . | . . . . . . . . . . . . . . . . Combat . | . . . . . . . . . . . . . . . . Robot Hacks Applied . | . . . . . . . . . . . . . . . . Relay Couplers Released . | . . . . . . . . . . . . . . . . Fabnet Peak Effective % . | . . . . . . . . . . . . . . . . Robots Rewired 15 | . . . . . . 15 . . . . . . . . . Allies Hacked . | . . . . . . . . . . . . . . . . Hacks Repelled . | . . . . . . . . . . . . . . . . Allies | -11 -10 -9 -8 -7 -6 -6 -6 -6 -6 -5 -5 -5 -5 -4 -4 -------- Run | Yrd Mat Mat Mat Fac Fac Ext Cet Arc Hub Fac Upp Upp War Pro Fac Total Allies 25 | . . . . . . 20 5 . . . . . . . . Largest Group 8 | . . . . . . 8 6 6 5 . . . . . . Highest-Rated Group 639 | . . . . . . 378 639 639 480 . . . . . . Highest-Rated Ally 159 | . . . . . . 159 159 159 96 . . . . . . Total Orders . | . . . . . . . . . . . . . . . . Ally Attacks 319 | . . . . . . 177 70 20 52 . . . . . . Total Damage 8870 | . . . . . . 4120 2101 828 1821 . . . . . . Kills 52 | . . . . . . 26 13 4 9 . . . . . . Allies Corrupted . | . . . . . . . . . . . . . . . . Allies Melted . | . . . . . . . . . . . . . . . . Intel | -11 -10 -9 -8 -7 -6 -6 -6 -6 -6 -5 -5 -5 -5 -4 -4 ------- Run | Yrd Mat Mat Mat Fac Fac Ext Cet Arc Hub Fac Upp Upp War Pro Fac Robot Analysis Total . | . . . . . . . . . . . . . . . . Derelict Logs Recovered 2 | . . . . . . . . . . . . 1 . 1 . Drone Launches . | . . . . . . . . . . . . . . . . Drone Recoveries . | . . . . . . . . . . . . . . . . Exploration | -11 -10 -9 -8 -7 -6 -6 -6 -6 -6 -5 -5 -5 -5 -4 -4 ------------- Run | Yrd Mat Mat Mat Fac Fac Ext Cet Arc Hub Fac Upp Upp War Pro Fac Turns Passed 11833 | 64 420 421 1641 248 748 1055 444 155 518 1985 558 838 1179 648 911 Spaces Moved 7693 | 43 271 253 649 116 544 569 274 114 287 1178 389 831 1277 407 491 Core 700 | 16 . . . . . . . . . . . 502 182 . . Treads 160 | . . . . . . . . . . . . . . . 160 Legs 5894 | 27 271 253 649 116 544 569 274 114 287 1178 389 301 257 407 258 Wheels 101 | . . . . . . . . . . . . 28 . . 73 Hover 838 | . . . . . . . . . . . . . 838 . . Flight . | . . . . . . . . . . . . . . . . Fastest Speed 50 | 50 120 120 120 120 120 120 120 120 120 122 122 50 50 120 110 Average Speed 116 | 116 120 120 176 159 121 121 120 120 120 124 122 79 81 120 138 Slowest Speed 1550 | 150 120 120 190 190 122 122 120 120 125 126 122 1550 156 120 190 Overloaded Moves . | . . . . . . . . . . . . . . . . Propulsion Burnouts . | . . . . . . . . . . . . . . . . Robots Hopped . | . . . . . . . . . . . . . . . . Cave-ins Triggered . | . . . . . . . . . . . . . . . . Exploration Rate (%) 48 | 3 56 23 73 3 16 80 85 84 30 30 58 72 95 49 22 Regions Visited 15 Branch Regions 8 Pre-discovered Areas 1 | . . . . . . . . . . . . . 1 . . Known Exits Taken 4 | . . . . . . . . . . 1 . 1 1 1 . Unknown Exits Taken 11 | 1 1 1 1 1 1 1 1 1 1 . 1 . . . . Scrap Searched 9 | . . . . . . . . . . . 3 4 . 2 . Spaces Dug 33 | . . . 1 . 4 . . . . 10 7 . 2 1 8 Terrain Destroyed 729 | . . . 4 . 10 64 . . 193 95 74 85 146 48 10 Melee 25 | . . . 1 . 4 . . . . 10 . . 2 1 7 Projectile 19 | . . . 3 . . 1 . . . 9 1 2 . . 3 AOE 685 | . . . . . 6 63 . . 193 76 73 83 144 47 . Terrain Rammed . | . . . . . . . . . . . . . . . . Walls Destroyed . | . . . . . . . . . . . . . . . . Machines Disabled . | . . . . . . . . . . . . . . . . Actions | -11 -10 -9 -8 -7 -6 -6 -6 -6 -6 -5 -5 -5 -5 -4 -4 --------- Run | Yrd Mat Mat Mat Fac Fac Ext Cet Arc Hub Fac Upp Upp War Pro Fac Total 9685 | 54 348 333 985 163 615 822 372 134 390 1514 435 943 1400 562 615 Wait 943 | . 59 26 185 24 21 37 71 12 46 152 14 38 74 143 41 Move 7678 | 42 270 252 648 115 543 568 273 113 286 1177 388 830 1276 406 491 Hop . | . . . . . . . . . . . . . . . . Pick Up 91 | 6 3 7 14 2 7 3 5 3 2 17 6 7 4 1 4 Fast Attach 61 | 6 2 4 5 . 1 7 2 1 1 5 . 8 11 1 7 Attach 63 | . . 2 3 2 1 5 4 . 4 12 3 13 6 3 5 Detach 13 | . 1 1 1 . . 1 . . . 1 . 2 2 3 1 Swap 124 | . . 6 18 7 16 12 3 1 4 37 5 4 4 2 5 Drop 115 | . 2 13 24 5 14 5 1 4 1 21 . 7 12 . 6 Fire 419 | . 11 22 86 8 5 56 13 . 41 74 19 34 5 2 43 Melee 50 | . . . 1 . 7 2 . . 5 16 . . 6 1 12 Ram . | . . . . . . . . . . . . . . . . Kick . | . . . . . . . . . . . . . . . . Crush . | . . . . . . . . . . . . . . . . Escape Stasis 7 | . . . . . . 5 . . . 2 . . . . . Rewire 121 | . . . . . . 121 . . . . . . . . . Trap . | . . . . . . . . . . . . . . . . Miscellaneous . | . . . . . . . . . . . . . . . . Route ------- -11/Scrapyard -10/Materials (discovered 3 exits: *Mat / [*Min x2]) -9/Materials (discovered 4 exits: *Mat / Min / Sto x2) -8/Materials -7/Factory -6/Factory (discovered 3 exits: *Fac x2 / *Ext) -6/Extension (discovered 3 exits: *Fac x2 / *Cet) -6/Cetus (discovered 2 exits: *Fac / *Arc) -6/Archives (discovered 3 exits: *Fac / *Hub x2) -6/Hub_04(d) (discovered 2 exits: *Fac x2) -5/Factory (discovered 6 exits: *Fac x4 / *Upp x2) -5/Upper Caves -5/Upper Caves (discovered 2 exits: *Fac / *War) -5/Warlord -4/Proximity Caves -4/Factory (discovered 4 exits: Res / *Upp x2 / Arm) History --------- Turn | Location | Event 20 | -11/Scrapyard | Discovered new exit (range 16) 65 | -11/Scrapyard | Entered Materials 125 | -10/Materials | Discovered new exit (range 9) 307 | -10/Materials | Build established: Mutant 344 | -10/Materials | Discovered new exit (range 15) 456 | -10/Materials | Discovered new exit (range 3) 485 | -10/Materials | Entered another Materials area 485 | -9/Materials | Evolved 2 slots: Propulsion x1, Utility x1 723 | -9/Materials | Discovered new exit (range 20) 743 | -9/Materials | Identified exit to Mines 743 | -9/Materials | Identified exit to Storage 885 | -9/Materials | Discovered new exit (range 16) 906 | -9/Materials | Entered another Materials area 906 | -8/Materials | Evolved 2 slots: Utility x1, Weapon x1 1481 | -8/Materials | Build established: Scavenger-Tank 2467 | -8/Materials | Discovered new exit (range 16) 2547 | -8/Materials | Entered Factory 2547 | -7/Factory | Evolved 2 slots: Propulsion x1, Utility x1 2777 | -7/Factory | Discovered new exit (range 15) 2795 | -7/Factory | Entered another Factory area 2795 | -6/Factory | Evolved 2 slots: Utility x2 3143 | -6/Factory | Discovered new exit (range 9) 3461 | -6/Factory | Discovered new exit (range 15) 3521 | -6/Factory | Discovered new exit (range 14) 3543 | -6/Factory | Entered Extension 3667 | -6/Extension | Rescued a captive Derelict 3872 | -6/Extension | Rescued A7 4031 | -6/Extension | Spotted B-75 Beast 4050 | -6/Extension | Spotted B-75 Beast 4076 | -6/Extension | Lost 8 allies 4087 | -6/Extension | Destroyed B-75 Beast 4098 | -6/Extension | Allies destroyed B-75 Beast 4128 | -6/Extension | Lost 4 parts (1n2u1w) 4134 | -6/Extension | Discovered new exit (range 3) 4216 | -6/Extension | Rescued a captive Derelict 4218 | -6/Extension | Rescued a captive Derelict 4251 | -6/Extension | Rescued a captive Derelict 4549 | -6/Extension | Discovered new exit (range 10) 4553 | -6/Extension | Discovered new exit (range 6) 4578 | -6/Extension | Disrupted transfer network 4593 | -6/Extension | First assault squad dispatched 4598 | -6/Extension | Entered Cetus 4598 | -6/Cetus | Accompanied by 3 allies (A7) 4603 | -6/Cetus | Acquired a Cetus Manufacturing Module code from A7 4617 | -6/Cetus | Spotted Cetus Guard 4617 | -6/Cetus | Spotted Cetus Guard 4618 | -6/Cetus | Spotted Cetus Guard 4622 | -6/Cetus | Allies destroyed Cetus Guard 4628 | -6/Cetus | Allies destroyed Cetus Guard 4634 | -6/Cetus | Allies destroyed Cetus Guard 4634 | -6/Cetus | Spotted Cetus Guard 4644 | -6/Cetus | Allies destroyed Cetus Guard 4654 | -6/Cetus | Lost 6 allies 4667 | -6/Cetus | Lost 6 parts (1p1n2u2w) 4784 | -6/Cetus | Started Cetus Manufacturing Module 4801 | -6/Cetus | Escorted A7 to Cetus Mainframe 4809 | -6/Cetus | Manufactured an Enhanced Grunt 4834 | -6/Cetus | Manufactured an Enhanced Grunt 4852 | -6/Cetus | Discovered new exit (range 15) 4859 | -6/Cetus | Manufactured an Enhanced Grunt 4875 | -6/Cetus | Spotted Cetus Guard 4875 | -6/Cetus | Spotted Cetus Guard 4879 | -6/Cetus | Spotted Cetus Guard 4883 | -6/Cetus | Spotted Cetus Guard 4884 | -6/Cetus | Manufactured an Enhanced Grunt 4886 | -6/Cetus | Allies destroyed Cetus Guard 4889 | -6/Cetus | Allies destroyed Cetus Guard 4893 | -6/Cetus | Allies destroyed Cetus Guard 4902 | -6/Cetus | Allies destroyed Cetus Guard 4909 | -6/Cetus | Manufactured an Enhanced Grunt 4911 | -6/Cetus | Discovered new exit (range 15) 4917 | -6/Cetus | Met Revision 17 5042 | -6/Cetus | Entered Archives 5042 | -6/Archives | Accompanied by 6 allies (A7) 5047 | -6/Archives | Received a hacking code to weaken MAIN.C 5087 | -6/Archives | Unable to access archive contents 5092 | -6/Archives | Discovered new exit (range 15) 5127 | -6/Archives | Unable to access archive contents 5132 | -6/Archives | Discovered new exit (range 16) 5139 | -6/Archives | Unable to access archive contents 5145 | -6/Archives | Discovered new exit (range 13) 5157 | -6/Archives | Unable to access archive contents 5197 | -6/Archives | Entered Hub_04(d) 5197 | -6/Hub_04(d) | Accompanied by 5 allies 5419 | -6/Hub_04(d) | Lost 4 allies 5522 | -6/Hub_04(d) | Discovered new exit (range 16) 5604 | -6/Hub_04(d) | Discovered new exit (range 8) 5636 | -6/Hub_04(d) | Found Prototype Launcher 5653 | -6/Hub_04(d) | Network Hub disabled 5715 | -6/Hub_04(d) | Entered Factory 5715 | -5/Factory | Evolved 2 slots: Power x1, Propulsion x1 6580 | -5/Factory | Build established: Scavenger-Gunner 6615 | -5/Factory | First assault squad dispatched 6837 | -5/Factory | Identified Rocket Array 6946 | -5/Factory | Discovered new exit (range 14) 6983 | -5/Factory | Identified exit to Upper Caves 7081 | -5/Factory | Identified exit to Factory 7615 | -5/Factory | System corruption reached 10% 7645 | -5/Factory | Lost 4 parts (1p2n1w) 7700 | -5/Factory | Entered Upper Caves 7982 | -5/Upper Caves | Build established: Hacker-Gunner 8027 | -5/Upper Caves | Attracted the attention of an 0b10 checkpoint 8178 | -5/Upper Caves | Lost 3 parts (2p1w) 8196 | -5/Upper Caves | Discovered new exit (range 11) 8258 | -5/Upper Caves | Entered another Upper Caves area 8274 | -5/Upper Caves | Attracted the attention of an 0b10 checkpoint 8508 | -5/Upper Caves | Discovered exit to Factory (range 9) 8734 | -5/Upper Caves | Attracted the attention of an 0b10 outpost 8734 | -5/Upper Caves | Core integrity fell below 50% 8746 | -5/Upper Caves | System corruption reached 30% 8784 | -5/Upper Caves | Lost 15 parts (1p5n6u3w) 8807 | -5/Upper Caves | Released all parts (6) 8836 | -5/Upper Caves | Lost 4 parts (2u2w) 8958 | -5/Upper Caves | Learned 4 Factory zone layouts 9086 | -5/Upper Caves | Core integrity fell below 20% 9090 | -5/Upper Caves | Discovered new exit (range 13) 9095 | -5/Upper Caves | Identified exit to Warlord 9096 | -5/Upper Caves | Entered Warlord 9122 | -5/Warlord | System corruption cleaned by Quarantine Array 9158 | -5/Warlord | Build established: Mutant 9284 | -5/Warlord | Learned location of Quarantine (-3) 9284 | -5/Warlord | Learned Armory stockpile data 9285 | -5/Warlord | Learned 4 Research zone layouts 9285 | -5/Warlord | Learned 4 Access zone layouts 9285 | -5/Warlord | Learned Research security intel 9285 | -5/Warlord | Learned Factory recycling unit intel 9517 | -5/Warlord | Warlord's base attacked by MAIN.C 9538 | -5/Warlord | Found Prototype Energy Gun 9538 | -5/Warlord | Identified Vortex Rifle 9541 | -5/Warlord | Found Prototype Launcher 9721 | -5/Warlord | Met Warlord 9867 | -5/Warlord | Warlord forces counterattacked 9923 | -5/Warlord | Spotted Striker 10004 | -5/Warlord | Lost 12 allies 10101 | -5/Warlord | Lost 6 allies 10155 | -5/Warlord | Build established: Scavenger-Mutant 10172 | -5/Warlord | Opened side exit 10192 | -5/Warlord | Warlord base infiltrated, sounded retreat 10208 | -5/Warlord | Spotted Striker 10218 | -5/Warlord | Identified Vortex Catalyst Activator 10225 | -5/Warlord | Destroyed Striker 10246 | -5/Warlord | Destroyed 19 combat bots 10263 | -5/Warlord | Discovered new exit (range 11) 10274 | -5/Warlord | Identified exit to Proximity Caves 10275 | -5/Warlord | Entered Proximity Caves 10625 | -4/Proximity Caves | Learned Research security intel 10738 | -4/Proximity Caves | Discovered exit to Factory (range 7) 10896 | -4/Proximity Caves | Received a Behemoth hack from an annoying Tinkerer 10923 | -4/Proximity Caves | Entered Factory 10923 | -4/Factory | Evolved 2 slots: Utility x2 10924 | -4/Factory | Identified exit to Research 10925 | -4/Factory | Loaded intel: 6 recycling unit locations 11014 | -4/Factory | Identified exit to Upper Caves 11014 | -4/Factory | Identified exit to Armory 11381 | -4/Factory | Lost 4 parts (4n) 11634 | -4/Factory | Build established: Mutant 11834 | -4/Factory | Self-destructed Last Messages --------------- 11798_ Flexi-carbon Leg destroyed. 11798_ Critical hit (Burn: +37). 11800_ Destroyed Antigrav System. 11800_ Penetrated by Slug. 11800_ U-05 Engineer destroyed. 11802_ Destroyed Imp. Heat Sink. 11804_ P-70 Sage destroyed. 11811_ Antimatter Reactor destroyed. 11813_ Critical hit (Burn: +37). 11814_ Vortex Rifle destroyed. 11818_ I<3XUKL%VNR,WPPTH0 11821_ Penetrated by Slug. 11821_ Structural Scanner destroyed. 11824_ Penetrated by Slug. 11833_ System corrupted: Component data lost. 11833_ Centrium Wheel destroyed. 11833_ Penetrated by Slug. 11833_ Imp. Heavy Treads destroyed. 11833_ Adv. Cooling System destroyed. Map ----- +----------------------------------------------------+ | ?????????????????????????????????????????????????? | | ?????????????????????????????????????????????????? | | ?????????????????????????????????????????????????? | | ?????????????????????????????????????????????????? | | ?????????????????????????????????????????????????? | | ?????????????????????????????????????????????????? | | ?????????????????????????????????????????????????? | | ?????????????????????????????????????????????????? | | ?????????????????????????????????????????????????? | | ?????????????????????????????????????????????????? | | ?????????????????????????? ?????????????????????? | | ??????????????????????????k ???????????????????? | | ?????????????????????????? ?????????????????? | | ?????????????????????????? #?????????????????? | | ???????????????????????### ###???????????????? | | #####??????????????????# #???????????????? | | #####??????????????????# w #???????????????? | | ##??????????????????# #???????????????? | | ##??????????????????#! #???????????????? | | ##??????????????????# > #???????????????? | | ##??????????????????# #???????????????? | | ##??????????????????# #???????????????? | | ##?????????##???????? #???????????????? | | # ?????? ? #???????? #???????????????? | | # ??????""" #????????# #????????????????? | | # ""???"R" ##########@ #????????????????? | | # """ ?" " # Y #????????????????? | | # # #????????????????? | | # """ # #????????????????? | | #### !!! """ / ???????????? | | #### !! """ # #??????????? | | #### !! # #??????????? | | #### """ # h ??????????? | | / """ # g h ??????????? | | #### """ # w !!! """???????????? | | #### /p !!! ""??????!?????? | | ??#########/####### !! "?????????????? | | ###########*####### ?????????????? | | ###########!####### """ "?????????????? | | =![%[=| ##### "?????????????????? | | ######"#######=! ####??? "?????????????????? | | ########## ##????? ???????????????????? | | ##???????# ^##????? ????????????????????? | | "T" ##???????# ##?????????????????????????????? | | """ ######???# ##?????????????????????????????? | | ##########???# ????????????????????????????????? | | ######+##????????????????????????????????? | | ### ????????????????????????????????? | | ### ????????????????????????????????? | | ### ????????????????????????????????? | +----------------------------------------------------+ Best States ------------- Heat Dissipation 102 Energy Generation 37 Energy Capacity 550 Matter Stores 550 Matter Capacity 550 Sight Range 16 Terrain Scan Density 10 Armor Coverage 1275 Resistance: KI 25 Resistance: EX 25 Resistance: EM 25 Core Shielding 20 Weapon Cycling 20 Evasion (%) 55 Targeting Accuracy 8 Melee Accuracy 5 Recoil Reduction 2 Offensive Hacking 20 Defensive Hacking 14 Item Schematics ----------------- None Robot Schematics ------------------ None Fabricated ------------ Nothing Alien Tech Used ----------------- None Achievements -------------- Main Advantage Prison Break Project G-00 Revising The Future Challenges ------------ None Game ------ Seed SpliceBombSpoofer Manual? 0 Play Time 03:02:52 Cumulative 130.8 hours Start 2024.05.09 @ 17:02:04 End 2024.05.11 @ 17:53:04 Sessions 3 Manual Loads 0 Difficulty Rogue Special Mode None Game No. 82 Rogue 82 Adventurer 0 Explorer 0 Win Type - Total 4 Types 4/0/0/0/0/0/0/0/0 Lore% 44 Gallery% 53 Achievement% 36 Wizard Run 0 Options --------- Layout 0 ASCII 0 Keyboard 0 Movement Mouse Keybinds 0 Fullscreen 1 Font 24/X11 Map View 76x50 Zoom Use 0% Tactical HUD 1 Map Filters NONE Filters NONE Steam 1 RUN: 0db45a46-3d32-4890-a847-34fcbdd90a79